 Dungeon Crawl Stone Soup version 0.32-a0-422-g28b100f618 (webtiles) character file.

Game seed: 2398672470337666086

11 Bravepunisher the Changeling (level 2, -1/14 HPs)
             Began as a Spriggan Shapeshifter on Feb 21, 2024.
             Slain by a gnoll
             ... wielding a +0 spear
              (4 damage)
             ... on level 1 of the Dungeon.
             The game lasted 00:00:41 (272 turns).

Bravepunisher the Changeling (Spriggan Shapeshifter) Turns: 272, Time: 00:00:42

Health: -1/14      AC:  2    Str: 10    XL:     2   Next: 13%
Magic:  3/3        EV: 17    Int: 11    God:
Gold:   15         SH:  0    Dex: 14    Spells: 1/1 levels left

rFire   . .          .
                       - Unarmed
rCold   . . .        (no shield)
rNeg    . . .        a - +0 animal skin
rPois   .            (helmet currently unavailable)
rElec   .            (cloak currently unavailable)
rCorr   .            (gloves unavailable)
SInv    +            (boots unavailable)
Will    .....        (no amulet)
Stlth   +            (no ring)
HPRegen 0.22/turn    (no ring)
MPRegen 0.08/turn

%: no passive effects
@: beast-form, very quick
A: beast (slay +2), very small, no large weapons, unfitting armour, see
invisible, speed 3
a: Begin Untransformation


You were on level 1 of the Dungeon.
You were a hulking beast.
You visited 1 branch of the dungeon, and saw 1 of its levels.

You collected 15 gold pieces.

Inventory:

Armour
 a - a +0 animal skin (worn)
Talismans
 c - a beast talisman (active)
 d - a flux talisman
Scrolls
 f - a scroll of identify {unknown}
 g - a scroll of teleportation {unknown}
Potions
 b - a potion of lignification
 e - a potion of brilliance {unknown}


   Skills:
 + Level 1.0 Fighting
 + Level 3.0 Dodging
 - Level 2.4 Unarmed Combat
 * Level 4.4 Shapeshifting


You had one spell level left.
You didn't know any spells.
Your spell library was empty.

Dungeon Overview and Level Annotations

Branches:
Dungeon (1/15)

Altars:


Innate Abilities, Weirdness & Mutations

You are a hulking beast.
Your limbs bulge with bestial killing power. (Slay +2)
You are very small and have problems with some larger weapons.
You are too small for most types of armour.
You have supernaturally acute eyesight. (SInv)
You cover ground extremely quickly. (Speed+++)


Message History

The endoplasm hits you.
You hit the endoplasm.
You kill the endoplasm!
A giant cockroach comes into view.
The giant cockroach closely misses you.
You hit the giant cockroach but do no damage.
The giant cockroach closely misses you.
You closely miss the giant cockroach. You punch the giant cockroach.
You kill the giant cockroach!
Your Dodging skill increases to level 3!
You have reached level 2!
You see here a giant cockroach corpse.
g - a scroll labelled VUSUOMO GEC A rat comes into view.
The rat squeaks loudly.
A rat is nearby!
The rat closely misses you.
You hit the rat.
You kill the rat!
A gnoll comes into view. It is wielding a +0 spear.
The gnoll shouts!
A quokka comes into view.
You enter a dispersal trap!
You blink.
You enter a dispersal trap!
You blink.
You enter a dispersal trap!
The gnoll blinks!
You blink.
The gnoll barely misses you. The gnoll hits you with a +0 spear.
You closely miss the gnoll. The gnoll misses you.
You hit the gnoll.
The gnoll is moderately wounded.
The gnoll hits you with a +0 spear.
You barely miss the gnoll.
The gnoll is moderately wounded.
You barely miss the gnoll. You punch the gnoll.
The gnoll is moderately wounded.
The quokka closely misses you. The gnoll hits you with a +0 spear.
* * * LOW HITPOINT WARNING * * *
You barely miss the quokka. The quokka completely misses you.
The gnoll hits you with a +0 spear.
You die...

###########..###.#
#.......g......# #
#.#########..#....
#.# #..##### #.#
#..# #.# #.......
#.# #.###### #r#
#.# #h# #.# #g#
#.. #.# ### #^#
#....# ####.# #


You could see a gnoll and a quokka.

Vanquished Creatures
  An endoplasm (D:1)
  A giant cockroach (D:1)
  A hobgoblin (D:1)
  A kobold (D:1)
  A frilled lizard (D:1)
  A rat (D:1)
6 creatures vanquished.

Notes
Turn   | Place    | Note
-------+----------+-------------------------------------------
     0 | D:1      | Bravepunisher the Spriggan Shapeshifter began the quest for
                  | the Orb.
     0 | D:1      | Reached XP level 1. HP: 9/9 MP: 2/2
   110 | D:1      | Reached skill level 1 in Fighting
   175 | D:1      | Reached XP level 2. HP: 14/14 MP: 3/3
   272 | D:1      | Slain by a gnoll

Illustrated notes

Levels and vault maps discovered:
D:1:      heliophobic_arrival_battle_scene, layout_loops_ring,
          dreamdust_princess_corridor

Skill      XL: |  1 |
---------------+----+-----
Fighting       | 1 |  1.0
Dodging        | 3 |  3.0
Unarmed Combat | |  2.4
Shapeshifting  | |  4.4

Action                     || total
---------------------------++-------
  Melee: Unarmed           ||    22
         Punch             ||     2
 Armour: Animal skin       ||     7
  Dodge: Dodged            ||    12

Table legend: (Time is in decaauts)
 A = Elapsed time spent in this place.
 B = Non-inter-level travel time spent in this place.
 C = Inter-level travel time spent in this place.
 D = Time resting spent in this place.
 E = Time spent auto-exploring this place.
 F = Levels seen in this place.
 G = Mean time per level.
                   A        B        C        D        E       F      G
               +--------+--------+--------+--------+--------+-----+--------+
         Total |    186 |    186 |      0 |      0 |    121 |   1 |  186.0 |
       Dungeon |    186 |    186 |      0 |      0 |    121 |   1 |  186.0 |
               +--------+--------+--------+--------+--------+-----+--------+

Top non-repeatable levels by time:
     D:1: 186 daAuts
